Map: New Repugnancy LE

Players

DnS

  • Race: Protoss Protoss
  • Spawn Location: 1:00

Marinelord - Winner!

  • Race: Terran Terran
  • Spawn Location: 7:00

Event: 2019 WCS Spring

VOD

Have the link to the VOD?

Description

Time

  • Played on: May 17, 2019, 9:29 a.m.
  • Length: 10:06

All games in this series

Show
View Real Time Build Order
Export as new Build Order

DnS Protoss 

Build Orders: Zealot Archon 

Get SALT Encoding   

  12  0:00  Probe  
  13  0:12  Probe  
  14  0:17  Pylon  
  14  0:24  Probe  
  15  0:32  Probe  
  15  0:36  Gateway  
  15  0:40  Probe  
  16  0:46  Assimilator  
  17  0:51  Probe  
  18  1:03  Probe  
  19  1:15  Probe  
  20  1:25  Cybernetics Core  
  20  1:27  Zealot  
  22  1:34  Pylon  
  22  1:48  Probe  
  22  1:50  Assimilator  
  22  1:51  Stalker  
  23  2:03  Probe  
  26  2:10  Pylon  
  26  2:22  Stalker  
  27  2:27  Nexus  
  27  2:28  Probe  
  27  2:36  Probe  
  27  2:39  Warp Gate  
  27  2:44  Probe  
  27  2:45  Pylon  
  28  2:54  Probe  
  29  3:00  Robotics Facility  
  29  3:06  Probe  
  29  3:14  Stalker  
  29  3:15  Probe  
  32  3:23  Probe  
  33  3:30  Shield Battery  
  33  3:32  Probe  
  33  3:35  Probe  
  35  3:43  Probe  
  35  3:44  Probe  
  35  3:47  Observer  
  38  3:52  Gateway  
  38  3:53  Probe  
  39  3:57  Probe  
  39  4:01  Gateway  
  40  4:05  Probe  
  40  4:09  Probe  
  42  4:14  Probe  
  42  4:19  Observer  
  42  4:21  Probe  
  42  4:22  Probe  
  42  4:23  Pylon  
  45  4:26  Stalker  
  48  4:32  Probe  
  48  4:33  Probe  
  48  4:35  Pylon  
  50  4:42  Observer  
  50  4:44  Probe  
  52  4:45  Probe  
  52  4:48  Stalker  
  52  4:52  Stalker  
  55  4:55  Stalker  
  55  4:56  Probe  
  55  4:57  Probe  
  57  5:08  Probe  
  57  5:10  Probe  
  58  5:17  Stalker  
  58  5:20  Assimilator, Probe  
  58  5:21  Assimilator  
  60  5:22  Probe  
  60  5:25  Twilight Council  
  60  5:26  Immortal  
  60  5:30  Forge  
  60  5:32  Probe  
  60  5:34  Probe  
  62  5:35  Charge  
  62  5:40  Pylon  
  66  5:54  Zealot x2  
  70  5:57  Pylon  
  70  6:00  Shield Battery  
  70  6:10  Templar Archives  
  70  6:17  Protoss Ground Armor Level 1  
  70  6:20  Gateway  
  70  6:22  Gateway  
  70  6:23  Gateway  
  70  6:27  Zealot x2, Sentry  
  76  6:33  Pylon  
  75  6:47  High Templar  
  75  6:48  High Templar  
  75  6:50  Zealot  
  75  6:52  Archon  
  80  6:55  Probe  
  80  6:56  Probe  
  80  7:08  Probe x2  
  76  7:13  Zealot  
  63  7:21  Zealot  
  63  7:22  Zealot x4  
  58  7:23  Probe x2  
  54  7:32  Warp Prism  
  54  7:35  Stalker  
  54  7:40  Probe  
  54  7:42  Probe  
  58  7:52  High Templar x2, Probe  
  58  7:53  High Templar  
  58  7:54  High Templar  
  58  7:56  Probe  
  68  7:59  Archon x2  
  68  8:04  Probe  
  69  8:06  Zealot, Sentry  
  73  8:21  Nexus  
  73  8:22  Pylon  
  73  8:30  Zealot x4  
  79  8:34  Zealot  
  79  8:36  Zealot  
  83  8:45  Probe x2  
  85  8:57  Probe  
  85  8:58  Stalker x2, Probe  
  91  9:05  High Templar  
  91  9:06  Zealot, High Templar  
  91  9:09  Archon  
  85  9:10  Zealot  
  83  9:23  High Templar x2  
  79  9:26  Probe x2  
  79  9:28  Pylon, Archon  
  81  9:37  Zealot  
  88  9:47  Zealot x3  
  88  9:58  Zealot x3  
Show
View Real Time Build Order
Export as new Build Order

Marinelord Terran - Winner!

Build Orders:  

Get SALT Encoding   

  12  0:00  SCV  
  13  0:12  SCV  
  14  0:17  Supply Depot  
  14  0:25  SCV  
  15  0:39  SCV  
  15  0:40  Barracks  
  16  0:46  Refinery  
  16  0:51  SCV  
  16  0:56  Refinery  
  17  1:03  SCV  
  18  1:15  SCV  
  19  1:27  Reaper  
  19  1:28  Orbital Command  
  20  1:41  Supply Depot  
  20  1:42  Bunker  
  20  1:52  Factory  
  20  1:55  SCV  
  20  2:00  Reaper  
  22  2:07  SCV  
  22  2:19  SCV  
  23  2:31  SCV  
  24  2:40  Factory Tech Lab  
  24  2:42  Command Center  
  24  2:43  SCV  
  25  2:49  Starport  
  25  2:55  SCV  
  26  3:00  Supply Depot  
  26  3:04  Cyclone  
  29  3:08  SCV  
  30  3:21  SCV  
  30  3:25  Barracks  
  31  3:28  Starport Tech Lab  
  31  3:34  SCV  
  32  3:43  Cyclone  
  32  3:46  SCV  
  36  3:51  Banshee  
  39  3:57  Orbital Command  
  39  4:00  SCV  
  40  4:12  SCV  
  41  4:19  Siege Tank  
  41  4:20  Barracks Reactor, Barracks Tech Lab  
  41  4:23  SCV  
  46  4:24  SCV  
  46  4:29  Supply Depot  
  46  4:32  Refinery  
  46  4:35  SCV  
  46  4:36  SCV  
  46  4:38  Marine  
  49  4:39  Stimpack  
  49  4:47  SCV  
  49  4:48  SCV  
  51  4:56  Marine x3  
  51  4:59  SCV  
  55  5:00  SCV  
  55  5:01  Supply Depot  
  55  5:06  Siege Tank  
  58  5:07  Supply Depot  
  58  5:08  Bunker  
  58  5:11  Viking  
  58  5:14  Marine x2  
  60  5:18  Supply Depot  
  62  5:21  Engineering Bay  
  62  5:22  Marine  
  62  5:26  SCV x2  
  65  5:32  Marine x2  
  67  5:38  SCV, Siege Tank  
  67  5:40  SCV, Marine  
  73  5:45  Supply Depot  
  73  5:49  Marine x2  
  72  5:51  SCV  
  72  5:53  Medivac  
  72  5:56  Terran Infantry Weapons Level 1  
  77  5:57  Marine  
  77  6:00  Supply Depot  
  78  6:07  Marine  
  79  6:13  Marine  
  79  6:15  Marine  
  79  6:18  Command Center  
  81  6:21  Barracks  
  81  6:22  SCV  
  81  6:24  SCV  
  81  6:25  Marine  
  83  6:27  Starport Reactor  
  83  6:28  Factory Reactor  
  83  6:30  Marine  
  85  6:34  Marauder, SCV  
  85  6:37  SCV  
  85  6:39  Combat Shield  
  89  6:46  SCV, Supply Depot  
  90  6:47  Marine  
  90  6:48  Marine, Supply Depot  
  90  6:51  SCV  
  93  6:58  SCV  
  94  7:02  Marine  
  94  7:03  SCV  
  93  7:10  SCV, Marine  
  93  7:15  SCV, Marauder, Marine  
  87  7:21  Marauder  
  83  7:23  SCV  
  83  7:24  Medivac x2  
  83  7:25  Widow Mine x2  
  83  7:27  SCV  
  88  7:32  Orbital Command  
  88  7:35  SCV, Barracks x2  
  86  7:39  SCV  
  86  7:43  Refinery  
  87  7:45  Marauder  
  87  7:46  Marine  
  87  7:47  SCV  
  87  7:50  Marauder, Marine  
  94  7:51  SCV  
  94  7:57  Concussive Shells  
  95  7:59  SCV  
  95  8:00  Medivac x2  
  100  8:07  Terran Infantry Armor Level 1, Refinery x2  
  100  8:09  Marauder, Marine  
  100  8:11  Marine  
  104  8:14  Marauder  
  104  8:17  Widow Mine x2  
  110  8:21  Missile Turret, Liberator  
  110  8:22  Missile Turret, Liberator  
  110  8:29  Marine x2  
  110  8:30  Marauder, Barracks Reactor, Barracks Tech Lab  
  114  8:35  Marauder  
  119  8:47  Marine x2  
  117  8:49  SCV x3  
  117  8:51  Marauder  
  118  8:57  Marauder  
  118  8:59  Marauder  
  118  9:01  SCV x3  
  117  9:10  Marine x3  
  117  9:13  Marauder, SCV x3  
  125  9:18  Marauder  
  125  9:22  Marauder  
  125  9:23  Marine  
  126  9:25  SCV x2  
  126  9:26  Supply Depot  
  126  9:27  Supply Depot  
  126  9:28  SCV, Supply Depot x2, Marine  
  126  9:29  Supply Depot  
  126  9:30  Marine x2  
  132  9:37  SCV  
  133  9:46  Armory  
  133  9:47  Engineering Bay, Marine x2  
Tags
 
Add a new tag
Caveats
  • Supply blocks, unpowered buildings, or Contaminate may cause inaccurate times.
  • Supply counts are checked every 10 seconds.